 Dungeon Crawl Stone Soup version 0.19.1-1-g22dce08 (webtiles) character file.

179 ImaNewbie the Chopper (level 5, -11/45 HPs)
             Began as a Hill Orc Fighter on Jan 17, 2017.
             Mangled by an orc warrior
             ... wielding a +0 dire flail
              (16 damage)
             ... on level 6 of the Dungeon.
             The game lasted 00:04:49 (2073 turns).

ImaNewbie the Chopper (Hill Orc Fighter)            Turns: 2073, Time: 00:04:49

Health: -11/45     AC:  9    Str: 20    XL:     5   Next: 59%
Magic:  5/5        EV:  7    Int:  8    God:
Gold:   134        SH:  9    Dex: 10    Spells: 0 memorised, 4 levels left

rFire  . . .     SeeInvis .     a - +1 war axe
rCold  . . .     Gourm    .     b - +0 scale mail
rNeg   . . .     Faith    .     c - +0 shield
rPois  .         Spirit   .     s - +0 helmet
rElec  .         Reflect  .     (no cloak)
rCorr  .         Harm     .     i - +0 pair of gloves
MR     .....                    (no boots)
Stlth  ..........               (no amulet)
                                (no ring)
                                (no ring)

@: no status effects
A: no striking features
a: no special abilities


You were on level 6 of the Dungeon.
You were not hungry.

You visited 1 branch of the dungeon, and saw 5 of its levels.

You collected 134 gold pieces.

Inventory:

Hand Weapons
 a - a +1 war axe (weapon)
Missiles
 u - 15 poisoned needles
Armour
 b - a +0 scale mail (worn)
 c - a +0 shield (worn)
 i - a +0 pair of gloves (worn)
 s - a +0 helmet (worn)
Wands
 x - a wand of confusion (27/48)
 A - a wand of digging (24/24)
Scrolls
 e - a scroll of remove curse
 B - a scroll of amnesia
Potions
 d - 2 potions of might
 l - a potion of degeneration {unknown}
 n - a potion of brilliance {unknown}
 o - 2 potions of lignification
 p - 2 potions of curing {unknown}
 r - 2 potions of heal wounds {unknown}
 z - a potion of cure mutation {unknown}
Comestibles
 f - 3 bread rations
 g - 2 chunks of flesh
 h - 4 meat rations
 j - a beef jerky
 v - a slice of pizza
 C - 4 fruits


   Skills:
 - Level 3.6 Fighting
 + Level 7.4 Axes
 - Level 3.2 Armour
 - Level 3.2 Shields


You had 4 spell levels left.
You didn't know any spells.

Dungeon Overview and Level Annotations

Branches:
Dungeon (4/15)
 Temple: D:4-7

Altars:
Ashenzari
Ru
Yredelemnul
The Shining One

Portals:
Sewer: D:4


Message History

The orc wizard is moderately wounded.
A sky beast comes into view.
The orc wizard casts a spell at you.
You are confused.
There is a shattered altar of Ashenzari here.
You bump into the closed door.
The orc warrior hits you with a dire flail!
You bump into the closed door.
The orc warrior hits you with a dire flail!
You bump into the rock wall.
The orc warrior hits you with a dire flail!
* * * LOW HITPOINT WARNING * * *
An orc warrior comes into view. It is wielding a scimitar.
You bump into the rock wall.
The orc warrior shouts!
The orc warrior closely misses you.
You bump into the closed door.
You feel less confused.
The orc warrior hits you with a dire flail!
You die...

#...+⌠###
#....oo@+ .
###.#⌠###⌠.##
#.#⌠⌠⌠⌠⌠...
#..........
#..........
#...####.##
##(.# .. #...
. #...# #...#
#..##


You could see an orc warrior and an orc wizard.

Vanquished Creatures
  Ijyb (D:2)
  9 adders
  2 worms (D:3)
  2 leopard geckos (D:3)
  2 orcs (D:3)
  9 bats
  4 giant cockroaches
  6 goblins
  8 hobgoblins
  3 jackals (D:1)
  5 quokkas
  6 frilled lizards
  3 kobolds
  3 rats (D:3)
63 creatures vanquished.

Notes
Turn   | Place    | Note
-------+----------+-------------------------------------------
     0 | D:1      | ImaNewbie the Hill Orc Fighter began the quest for the Orb.
     0 | D:1      | Reached XP level 1. HP: 19/19 MP: 1/1
     3 | D:1      | Noticed an anaconda
     6 | D:1      | Noticed a black mamba
    34 | D:1      | Reached skill level 3 in Axes
   111 | D:1      | Reached XP level 2. HP: 26/26 MP: 2/2
   207 | D:1      | Reached skill level 4 in Axes
   449 | D:2      | Reached XP level 3. HP: 30/31 MP: 3/3
   642 | D:2      | Reached skill level 5 in Axes
   714 | D:2      | Found a glowing golden altar of the Shining One.
   771 | D:2      | Noticed Ijyb
   778 | D:2      | Killed Ijyb
   778 | D:2      | Reached XP level 4. HP: 37/39 MP: 4/4
   781 | D:2      | Reached skill level 6 in Axes
  1163 | D:3      | Found a sacrificial altar of Ru.
  1288 | D:3      | Reached XP level 5. HP: 45/45 MP: 5/5
  1424 | D:3      | Reached skill level 7 in Axes
  1804 | D:3      | Found a basalt altar of Yredelemnul.
  2060 | D:4      | Found a glowing drain.
  2060 | D:4      | You fall through a shaft for 2 floors!
  2062 | D:6      | Noticed an orc warrior
  2063 | D:6      | Found a shattered altar of Ashenzari.
  2068 | D:6      | Noticed a sky beast
  2072 | D:6      | Noticed an orc warrior
  2073 | D:6      | Mangled by an orc warrior

Skill      XL: |  1  2  3  4  5 |
---------------+----------------+-----
Axes           | 3 4 5 6 7 |  7.4
Fighting       | |  3.6
Armour         | |  3.2
Shields        | |  3.2

Action                   |  1- 3 |  4- 6 || total
-------------------------+-------+-------++-------
Melee: War axe           |   111 |   146 ||   257
  Use: Scroll            |       |     9 ||     9
  Eat: Chunk             |       |     4 ||     4
Armor: Scale mail        |    62 |    78 ||   140
Dodge: Dodged            |    55 |    57 ||   112
Block: Shield            |    66 |    68 ||   134
